 Dungeon Crawl Stone Soup version 0.28-a0-1002-gf00fe891ef (webtiles) character file.

Game seed: 17294427681062145541

64 ytrimaz the Magician (level 4, -6/28 HPs)
             Began as an Octopode Transmuter on Dec 6, 2021.
             Was a Follower of the Shining One.
             Mangled by a phantom (9 damage)
             ... on level 3 of the Dungeon.
             The game lasted 00:02:26 (1748 turns).

ytrimaz the Magician (Octopode Transmuter)          Turns: 1748, Time: 00:02:27

Health: -6/28      AC:  1    Str:  9    XL:     4   Next: 12%
Magic:  6/8        EV: 13    Int: 17    God:    the Shining One [*.....]
Gold:   88         SH:  0    Dex: 12    Spells: 5/9 levels left

rFire   . . .      SeeInvis +     - Unarmed
rCold   . . .      Faith    .   (no shield)
rNeg    . . .      Spirit   .   (helmet currently unavailable)
rPois   .          Reflect  .   (no amulet)
rElec   .          Harm     .   d - ring of willpower
rCorr   .          Rampage  .   e - ring of see invisible
Will    +....                   (no ring)
Stlth   +.........              (no ring)
HPRegen 0.09/turn               (no ring)
MPRegen 0.11/turn               (no ring)
                                (no ring)
                                (no ring)

@: appendages (expiring), flying, glowing
A: tentacle spike 3, almost no armour, amphibious, 8 rings, camouflage 1,
gelatinous body 1, (nimble swimmer 1), tentacles
a: End Transformation, Renounce Religion, Divine Shield


You were on level 3 of the Dungeon.
You worshipped the Shining One.
The Shining One was aware of your devotion.
One of your tentacles had grown a beastly spike.
You visited 1 branch of the dungeon, and saw 3 of its levels.

You collected 88 gold pieces.

Inventory:

Jewellery
 d - a ring of willpower (left tentacle)
 e - a ring of see invisible (right tentacle)
 f - a ring of resist corrosion
Scrolls
 b - a scroll of noise
 c - a scroll of immolation {unknown}
 g - a scroll of enchant armour {unknown}


   Skills:
 - Level 1.0 Fighting
 - Level 2.0 Dodging
 - Level 3.1 Unarmed Combat
 * Level 3.2 Spellcasting
 * Level 3.0 Transmutations
 * Level 0.2 Poison Magic


You had 5 spell levels left.
You knew the following spells:

 Your Spells              Type           Power      Damage    Failure   Level
a - Beastly Appendage     Tmut           26%        N/A       4%          1
b - Spider Form           Tmut/Pois      8%         N/A       26%         3

Your spell library contained the following spells:

 Spells                   Type           Power      Damage    Failure   Level
 Wereblood                Tmut           13%        N/A       8%          2
 Animate Skeleton         Necr           4%         N/A       17%         1
 Apportation              Tloc           4%         N/A       17%         1
 Magic Dart               Conj           8%         1d3       17%         1
 Summon Small Mammal      Summ           8%         N/A       17%         1
 Ensorcelled Hibernation  Hex/Ice        4%         N/A       26%         2
 Searing Ray              Conj           4%         2d4       26%         2
 Ice Form                 Ice/Tmut       7%         N/A       65%         4
 Fulminant Prism          Conj/Hex       1%         3d6       86%         4


Dungeon Overview and Level Annotations

Branches:
Dungeon (3/15)

Altars:
The Shining One


Innate Abilities, Weirdness & Mutations

One of your tentacles has grown a beastly spike.
You cannot wear most types of armour.
You are amphibious.
You can wear up to eight rings at the same time.
Your skin changes colour to match your surroundings (Stealth+).
Your rubbery body absorbs attacks. (AC +1, EV +1)
((You are camouflaged near water. (Stealth+)))
You have tentacles for arms and can constrict up to eight enemies at once.


Message History

The frilled lizard hisses angrily.
You constrict the adder.
You feel sick. The adder bites you.
Unknown command.
You release your grip on the adder.
You feel sick.
You are no longer poisoned.
A giant cockroach comes into view.
The adder closely misses you. The adder barely misses you. The adder bites you.
* * * LOW HITPOINT WARNING * * *
The adder misses you.
It was a potion of flight.
You feel very buoyant.
You fly up into the air.
The adder closely misses you. The adder bites you but does no damage.
Unknown command.
You tentacle-slap the adder. You grab the adder.
You pierce the adder, but do no damage.
The adder is severely wounded.
You constrict the adder. The frilled lizard closely misses you.
The adder closely misses you.
You tentacle-slap the adder. You squeeze the adder.
You kill the adder!
The frilled lizard closely misses you.
You have reached level 4!
The giant cockroach closely misses you.
You barely miss the giant cockroach. Your grab misses the giant cockroach.
You barely miss the phantom.
The phantom is heavily damaged.
You closely miss the phantom.
Your tentacle-slap misses the phantom.
The phantom is heavily damaged.
The phantom hits you.
* * * LOW HITPOINT WARNING * * *
Unknown command.
You tentacle-slap the phantom but do no damage.
Your tentacle spike misses the phantom.
The phantom is heavily damaged.
Your transformation is almost over.
The giant cockroach closely misses you. The phantom hits you!
You die...

#....[...#.. #.######.#.. ##
#.# #.#.. ## .# #.# #.#.. #.
.# #.# #.#'# # #.####.#
.#.######.... #. #.#.K..#
.#.....##....
#.##.#.#B.##.#####.###... #
#.....lW@....# #.# #...
#.###...###...######.######
#.....#.#$#.#.....)...# ##
..#....K#.#.....##########.
.....#.........#............
........##.##...............
....###.#...#.###...........
..# ......... .#......... .
##.#...#.## ...........


You could see a phantom, a giant cockroach, a kobold and a frilled lizard.

Vanquished Creatures
  3 adders
  2 dart slugs (D:2)
  An orc (D:3)
  4 ball pythons
  6 bats
  An endoplasm (D:2)
  2 giant cockroaches
  2 goblins
  4 hobgoblins
  2 kobolds (D:3)
  4 frilled lizards
  2 rats (D:1)
33 creatures vanquished.

Notes
Turn   | Place    | Note
-------+----------+-------------------------------------------
     0 | D:1      | ytrimaz the Octopode Transmuter began the quest for the
                  | Orb.
     0 | D:1      | Reached XP level 1. HP: 13/13 MP: 3/3
   345 | D:1      | Reached XP level 2. HP: 17/18 MP: 3/5
   651 | D:1      | Found a faded altar of an unknown god.
   654 | D:1      | Prayed at the altar of an unknown god.
   654 | D:1      | Became a worshipper of the Shining One
   654 | D:1      | Reached * piety under the Shining One
   792 | D:2      | Reached XP level 3. HP: 19/23 MP: 5/7
   884 | D:2      | Learned a level 3 spell: Spider Form
  1708 | D:3      | Noticed a phantom
  1744 | D:3      | Reached XP level 4. HP: 8/28 MP: 5/8
  1748 | D:3      | Mangled by a phantom

Illustrated notes

Levels and vault maps discovered:
D:1:      heliophobic_arrival_henge, layout_basic,
          shapermc_ecumenical_altar_hornbeckon
D:2:      layout_basic
D:3:      layout_basic, minmay_misc_feat_doors, minmay_fractal_squares_5

Skill      XL: |  1  2  3 |
---------------+----------+-----
Spellcasting   | 3 |  3.2
Transmutations | 3 |  3.0
Fighting       | |  1.0
Dodging        | |  2.0
Unarmed Combat | |  3.1
Poison Magic   | |  0.2

Action                   |  1- 3 |  4- 6 || total
-------------------------+-------+-------++-------
Melee: Unarmed           |    89 |     4 ||    93
       Constrict         |    26 |       ||    26
       Tentacles         |    14 |       ||    14
       Kick              |    11 |       ||    11
 Cast: Beastly Appendage |    15 |       ||    15
       Spider Form       |     1 |       ||     1
  Use: Scroll            |     3 |       ||     3
       Potion            |     2 |       ||     2
 Stab: Sleeping          |     2 |       ||     2
Armor: Skin              |    17 |       ||    17
Dodge: Dodged            |    82 |     2 ||    84

Table legend: (Time is in decaauts)
 A = Elapsed time spent in this place.
 B = Non-inter-level travel time spent in this place.
 C = Inter-level travel time spent in this place.
 D = Time resting spent in this place.
 E = Time spent auto-exploring this place.
 F = Levels seen in this place.
 G = Mean time per level.
                   A        B        C        D        E       F      G
               +--------+--------+--------+--------+--------+-----+--------+
         Total |   1741 |   1697 |     44 |      4 |   1369 |   3 |  580.3 |
       Dungeon |   1741 |   1697 |     44 |      4 |   1369 |   3 |  580.3 |
               +--------+--------+--------+--------+--------+-----+--------+

Top non-repeatable levels by time:
     D:2: 740 daAuts
     D:1: 676 daAuts
     D:3: 325 daAuts
